General information
- name: BNet
- type: Ladder 1vs1/FFA
- host: Battle.net
- saver: GCValentine
map: LostTemple
- players: 2
- length: 24:02
- speed: Fast
- version: 1.21 W3XP
- replay type: Public
» download(60 KB)
Players
team 1 (loser)
mcneri (
pink | 34 APM | 814 actions | 23:54)
» actions
| Basic commands | 1 | |
| Build / train | 52 | |
| Enter build submenu | 30 | |
| Right click | 337 | |
| Select / deselect | 357 | |
| Use ability | 37 | |
814 total
» units
| Wisp | 24 | |
| Archer | 8 | |
| Huntress | 11 | |
| Goblin Shredder | 1 | |
| Hippogryph | 4 | |
48 total
» buildings
| Altar of Elders | 1 | |
| Moon Well | 6 | |
| Ancient of War | 2 | |
| Hunter's Hall | 1 | |
| Ancient Protector | 12 | |
| Tree of Ages | 1 | |
| Tree of Life | 2 | |
| Ancient of Wonders | 1 | |
| Tree of Eternity | 1 | |
| Ancient of Wind | 1 | |
| Chimaera Roost | 2 | |
30 total
» build order
00:12 Altar of Elders
00:19 Moon Well
00:42 Ancient of War
01:44 Moon Well
02:35 Hunter's Hall
03:28 Ancient of War
04:09 Ancient Protector
04:32 Moon Well
04:40 Moon Well
05:59 Moon Well
06:29 Tree of Ages
07:20 Ancient Protector
07:25 Ancient Protector
11:00 Tree of Life
11:07 Ancient Protector
11:14 Ancient Protector
11:18 Ancient Protector
12:14 Moon Well
12:37 Ancient of Wonders
12:45 Tree of Eternity
15:11 Ancient Protector
15:42 Ancient of Wind
15:51 Ancient Protector
15:57 Ancient Protector
16:03 Ancient Protector
17:16 Ancient Protector
21:06 Chimaera Roost
21:09 Chimaera Roost
22:47 Tree of Life
23:00 Ancient Protector
» items
team 2 (winner)
GCValentine (
yellow | 44 APM | 1068 actions | 24:02)
6 Tauren Chieftain
3 War Stomp
3 Endurance Aura
» actions
| Build / train | 71 | |
| Enter build submenu | 15 | |
| Enter hero's abilities submenu | 6 | |
| Remove unit from queue | 6 | |
| Right click | 623 | |
| Select / deselect | 311 | |
| Use ability | 36 | |
1068 total
» units
| Peon | 11 | |
| Grunt | 14 | |
| Wind Rider | 6 | |
| Demolisher | 5 | |
| Raider | 10 | |
46 total
» upgrades
| Pillage | 1 | |
| Envenomed Spears | 1 | |
| Ensnare | 1 | |
| Melee Weapons | 1 | |
| Armor | 1 | |
5 total
» buildings
| Orc Burrow | 6 | |
| Altar of Storms | 1 | |
| Barracks | 1 | |
| War Mill | 1 | |
| Voodoo Lounge | 1 | |
| Great Hall | 1 | |
| Watch Tower | 2 | |
| Stronghold | 1 | |
| Fortress | 1 | |
| Beastiary | 2 | |
17 total
» build order
00:10 Orc Burrow
00:15 Altar of Storms
00:30 Barracks
01:36 War Mill
02:10 Voodoo Lounge
03:43 Great Hall
04:09 Orc Burrow
04:15 Orc Burrow
06:11 Watch Tower
06:56 Stronghold
08:44 Watch Tower
10:02 Fortress
11:24 Beastiary
11:35 Beastiary
11:45 Orc Burrow
11:48 Orc Burrow
15:00 Orc Burrow
» items
| Healing Salve | 2 | |
| Lesser Clarity Potion | 1 | |
3 total
Chat log
(23:50 / All) mcneri: vai se fuder